 Dungeon Crawl Stone Soup version 0.30-a0-613-gdd512c7efb (webtiles) character file.

Game seed: 12074725312660528413

299 purpskrrrp the Trooper (level 6, -3/58 HPs)
             Began as a Gargoyle Monk on Jan 8, 2023.
             Slain by Eustachio
             ... wielding a +2 falchion of distortion
              (5 damage)
             ... on level 4 of the Dungeon.
             The game lasted 00:04:10 (2187 turns).

purpskrrrp the Trooper (Gargoyle Monk)              Turns: 2187, Time: 00:04:11

Health: -3/58      AC: 23    Str: 15    XL:     6   Next: 36%
Magic:  6/6        EV:  2    Int: 10    God:
Gold:   192        SH:  0    Dex: 20    Spells: 5/5 levels left

rFire   . . .      SeeInvis .    a - +0 falchion
rCold   . . .      Faith    +    (no shield)
rNeg    + . .      Spirit   .    (body armour currently unavailable)
rPois   ∞          Reflect  .    (helmet currently unavailable)
rElec   .          Harm     .    (cloak currently unavailable)
rCorr   .          Rampage  .    (gloves currently unavailable)
Will    .....      NoTele   +    (boots currently unavailable)
Stlth   +++                      c - amulet of faith
HPRegen 0.29/turn                f - +6 ring of dexterity
MPRegen 0.10/turn                (no ring)

@: tree-form
A: stationary, stasis, torment immunity, boosted hp, sickness immunity, AC +4,
negative energy resistance 1, (electricity resistance), torment resistance 1,
petrification resistance
a: no special abilities


You were on level 4 of the Dungeon.
You were a tree.
You visited 1 branch of the dungeon, and saw 4 of its levels.

You collected 192 gold pieces.

Inventory:

Hand Weapons
 a - a +0 falchion (weapon)
Armour
 b - a +0 robe
 d - a +0 leather armour
 k - a +0 ring mail (melded)
Jewellery
 c - an amulet of faith (around neck)
 f - a +6 ring of dexterity (left branch)
Scrolls
 h - a scroll of noise
Potions
 e - 2 potions of haste {unknown}
 j - a potion of mutation {unknown}


   Skills:
 + Level 4.4 Fighting
 * Level 4.2 Long Blades
 + Level 2.1 Armour
 + Level 3.2 Dodging
 + Level 3.7 Stealth


You had 5 spell levels left.
You didn't know any spells.
Your spell library was empty.

Dungeon Overview and Level Annotations

Branches:
Dungeon (4/15)
 Temple: D:4-7

Altars:

Annotations:
D:4 Eustachio


Innate Abilities, Weirdness & Mutations

You are a tree.
Your roots penetrate the ground, keeping you stationary.
You cannot be teleported.
You are immune to unholy pain and torment.
Your maximum health is greatly increased.
Your equipment is partially melded.
You are immune to sickness and miasma.
((Your stone body is resilient. (AC +4)))
You are immune to poison.
You resist negative energy. (rN+)
((You are resistant to electric shocks. (rElec)))
You are resistant to unholy torment.
You are immune to petrification.


Message History

You are too injured to fight recklessly!
You are too injured to fight recklessly!
You are too injured to fight recklessly!
You are too injured to fight recklessly!
You are too injured to fight recklessly!
You are too injured to fight recklessly!
You are too injured to fight recklessly!
You are too injured to fight recklessly!
You are too injured to fight recklessly!
You are too injured to fight recklessly!
You are too injured to fight recklessly!
You are too injured to fight recklessly!
Really quaff the potion of lignification?
You turn into a tree.
Your +0 ring mail melds into your body.
Your roots penetrate the ground.
The quokka bites you but does no damage.
The scorpion stings you.
* * * LOW HITPOINT WARNING * * *
Eustachio mumbles some strange words.
The quokka bites you but does no damage.
You closely miss Eustachio.
Eustachio is lightly wounded.
The scorpion stings you but does no damage.
Eustachio hits you but does no damage. Space warps around you.
* * * LOW HITPOINT WARNING * * *
The quokka bites you but does no damage.
You hit Eustachio but do no damage.
Eustachio is lightly wounded.
The scorpion stings you but does no damage.
Eustachio hits you but does no damage. Space warps around you.
* * * LOW HITPOINT WARNING * * *
The quokka bites you but does no damage.
The white imp grins evilly.
The scorpion stings you.
* * * LOW HITPOINT WARNING * * *
You barely miss Eustachio.
Eustachio is lightly wounded.
The quokka bites you but does no damage.
Eustachio hits you but does no damage. Space warps around you.
You die...

### ##### #..
....# #.# #
##...##.##$#
#....b....
##....r#.##.##.#
.....5@♣s.......
...###5#5.......
#....#.##.#
#........
..........#
........##.#
##.....#.# #
#.!#.##.#


You could see Eustachio, a scorpion, an iron imp (summoned), a quasit
(summoned), a white imp (summoned), a quokka (summoned) and a bat (summoned).

Vanquished Creatures
  Sigmund (D:3)
  3 gnolls (D:2)
  5 adders
  2 worms (D:2)
  2 dart slugs
  3 orcs (D:3)
  3 bats
  7 endoplasms
  3 giant cockroaches
  5 goblins
  7 hobgoblins
  A quokka (D:2)
  5 ball pythons
  3 frilled lizards
  3 kobolds
  5 rats
58 creatures vanquished.

Notes
Turn   | Place    | Note
-------+----------+-------------------------------------------
     0 | D:1      | purpskrrrp the Gargoyle Monk began the quest for the Orb.
     0 | D:1      | Reached XP level 1. HP: 14/14 MP: 1/1
   119 | D:1      | Reached XP level 2. HP: 18/19 MP: 2/2
   565 | D:2      | Reached XP level 3. HP: 16/23 MP: 3/3
   634 | D:2      | Reached skill level 1 in Armour
   634 | D:2      | Reached XP level 4. HP: 20/29 MP: 4/4
  1180 | D:3      | Reached XP level 5. HP: 33/33 MP: 5/5
  1240 | D:3      | Noticed Sigmund
  1260 | D:3      | Killed Sigmund
  1261 | D:3      | Reached XP level 6. HP: 12/39 MP: 6/6
  1807 | D:3      | Identified the +0 robe of Honour {rElec}
  2175 | D:4      | Noticed Eustachio
  2186 | D:4      | HP: 1/58 [scorpion (3)]
  2187 | D:4      | Slain by Eustachio

Illustrated notes

Levels and vault maps discovered:
D:1:      amcnicky_arrival_blooded_trapdoor, layout_rooms
D:2:      layout_rooms
D:3:      layout_loops_cross, uniq_sigmund
D:4:      nicolae_BIG_FREAKIN_CUBE, layout_loops_ring,
          mainiacjoe_overflow_paths, minmay_temple_entry_crystal_x,
          portal_sewer_entry_e, serial_undead, serial_undead_f, serial_undead_e,
          serial_undead_d, serial_undead_f, nicolae_wormholes, uniq_eustachio

Skill      XL: |  1  2  3  4  5 |
---------------+----------------+-----
Long Blades    | 3 4 |  4.2
Armour         | 1 2 |  2.1
Stealth        | 3 |  3.7
Dodging        | 3 |  3.2
Fighting       | 4 |  4.4

Action                   |  1- 3 |  4- 6 || total
-------------------------+-------+-------++-------
Melee: Falchion          |    72 |   153 ||   225
       Punch             |       |     1 ||     1
  Use: Scroll            |     3 |     2 ||     5
       Potion            |     1 |     3 ||     4
 Stab: Sleeping          |     1 |     8 ||     9
Armor: Robe              |    13 |       ||    13
       Leather armour    |    13 |    47 ||    60
       Skin              |       |    10 ||    10
       Ring mail         |       |     2 ||     2
Dodge: Dodged            |    42 |   108 ||   150

Table legend: (Time is in decaauts)
 A = Elapsed time spent in this place.
 B = Non-inter-level travel time spent in this place.
 C = Inter-level travel time spent in this place.
 D = Time resting spent in this place.
 E = Time spent auto-exploring this place.
 F = Levels seen in this place.
 G = Mean time per level.
                   A        B        C        D        E       F      G
               +--------+--------+--------+--------+--------+-----+--------+
         Total |   2214 |   2083 |    131 |    200 |   1371 |   4 |  553.5 |
       Dungeon |   2214 |   2083 |    131 |    200 |   1371 |   4 |  553.5 |
               +--------+--------+--------+--------+--------+-----+--------+

Top non-repeatable levels by time:
     D:3: 1075 daAuts
     D:2: 609 daAuts
     D:1: 516 daAuts
     D:4: 12 daAuts
